 Dungeon Crawl Stone Soup version 0.27.1-34-g3ba077fa99 (webtiles) character file.

Game seed: 14808829885272551588

82 Arum the Shield-Bearer (level 4, -4/37 HPs)
             Began as a Formicid Fighter on Jan 4, 2022.
             Was an Initiate of the Shining One.
             Slain by an orc priest (5 damage)
             ... on level 3 of the Dungeon.
             The game lasted 00:02:04 (2172 turns).

Arum the Shield-Bearer (Formicid Fighter)           Turns: 2172, Time: 00:02:05

Health: -4/37      AC:  6    Str: 19 (21) XL:     4   Next: 70%
Magic:  4/4        EV:  8    Int:  4 (7)  God:    the Shining One [......]
Gold:   43         SH: 14    Dex:  9 (11) Spells: 3/3 levels left

rFire    . . .     SeeInvis +   a - +0 quarterstaff
rCold    . . .     Faith    .   c - +0 kite shield
rNeg     . . .     Spirit   .   b - +0 scale mail
rPois    .         Reflect  +   (helmet unavailable)
rElec    .         Harm     .   (no cloak)
rCorr    .         Rampage  .   (no gloves)
Will     .....                  (no boots)
Stlth    ..........             g - amulet of reflection
HPRegen  0.12/turn              (no ring)
MPRegen  0.09/turn              (no ring)

@: glowing
A: permanent stasis, dig shafts and tunnels, antennae 3, four strong arms
a: Dig, Shaft Self, Renounce Religion


You were on level 3 of the Dungeon.
You worshipped the Shining One.
The Shining One was noncommittal.
You visited 1 branch of the dungeon, and saw 3 of its levels.

You collected 43 gold pieces.

Inventory:

Hand Weapons
 a - a +0 quarterstaff (weapon)
Armour
 b - a +0 scale mail (worn)
 c - a +0 kite shield (worn)
Jewellery
 g - an amulet of reflection (around neck)
 i - a ring of wizardry
Scrolls
 f - a scroll of amnesia {unknown}
 h - a scroll of teleportation {unknown}
 j - a scroll of fear {unknown}
Potions
 d - a potion of might
 e - a potion of magic {unknown}


   Skills:
 + Level 4.2 Fighting
 + Level 3.0 Staves
 - Level 3.2 Armour
 + Level 4.6 Shields


You had 3 spell levels left.
You didn't know any spells.
Your spell library was empty.

Dungeon Overview and Level Annotations

Branches:
Dungeon (3/15)

Altars:
The Shining One


Innate Abilities, Weirdness & Mutations

You cannot be hasted, slowed, berserked, paralysed or teleported.
You can dig through walls and to a lower floor.
You have a pair of large antennae on your head. (SInv)
Your four strong arms can wield two-handed weapons with a shield.


Message History

You hit the orc.
The orc is moderately wounded.
The orc hits you but does no damage. You block the orc's attack.
You closely miss the orc.
The orc is moderately wounded.
You block the orc's attack.
The orc priest hits you but does no damage.
You sock the orc!
You kill the orc!
You block the orc priest's attack. The orc wizard closely misses you.
Your shield prevents you from hitting the orc wizard.
You block the orc priest's attack. You block the orc wizard's attack.
You hit the orc wizard but do no damage.
The orc priest miscasts a cantrip.
You block the orc wizard's attack.
The orc priest hits you with a +0 hand axe!
You closely miss the orc wizard.
The orc wizard hits you with a +0 dagger.
The orc priest hits you with a +0 hand axe.
The orc wizard hits you with a +0 dagger.
Unknown command.
You hit the orc priest but do no damage.
You block the orc priest's attack. The orc wizard barely misses you.
You barely miss the orc priest.
The orc priest calls down the wrath of Beogh upon you.
Beogh smites you!
* * * LOW HITPOINT WARNING * * *
The orc wizard hits you but does no damage.
You block the orc priest's attack.
You barely miss the orc priest. You block the orc wizard's attack.
The orc priest hits you with a +0 hand axe.
* * * LOW HITPOINT WARNING * * *
The orc wizard hits you with a +0 dagger.
* * * LOW HITPOINT WARNING * * *
Unknown command.
It was a potion of degeneration.
There was something very wrong with that liquid.
You feel weakened.
You feel dopey.
You feel clumsy.
The orc priest hits you with a +0 hand axe.
You die...

#. ..^ ... ..# #.# #.#
{ #.# #.# #.# #.# #.#
#.# ####### ########
#.###.##o......
.......###....).@)#
###.#.#.##.###..?o...#
#..........#
#######....
#.#.#.#.#### ###
..##...## #####.## #.#
..# # ####


You could see an orc priest and an orc wizard.

Vanquished Creatures
  An adder (D:2)
  3 dart slugs (D:1)
  2 orcs (D:3)
  6 ball pythons
  3 bats
  4 endoplasms (D:2)
  2 giant cockroaches
  5 goblins (D:1)
  6 hobgoblins
  4 jackals (D:1)
  10 kobolds
  3 quokkas (D:2)
  5 frilled lizards
  6 rats
60 creatures vanquished.

Notes
Turn   | Place    | Note
-------+----------+-------------------------------------------
     0 | D:1      | Arum the Formicid Fighter began the quest for the Orb.
     0 | D:1      | Reached XP level 1. HP: 18/18 MP: 1/1
     3 | D:1      | Noticed an electric eel
     4 | D:1      | Noticed an electric eel
   145 | D:1      | Reached XP level 2. HP: 24/24 MP: 2/2
   648 | D:1      | Found a faded altar of an unknown god.
   662 | D:1      | Reached XP level 3. HP: 30/30 MP: 3/3
  1177 | D:2      | Found a glowing golden altar of the Shining One.
  1183 | D:2      | Became a worshipper of the Shining One
  1372 | D:2      | Reached XP level 4. HP: 10/37 MP: 4/4
  2171 | D:3      | HP: 1/37 [orc wizard (3)]
  2172 | D:3      | Slain by an orc priest

Illustrated notes

Levels and vault maps discovered:
D:1:      arrival_aquarium_b, layout_loops_corners,
          hellmonk_ecumenical_altar_dog_temple, minmay_box_of_dots
D:2:      layout_basic, basic_altar
D:3:      layout_loops_ring, chequers_temple_overflow_statue_of_worship

Skill      XL: |  1  2  3  4 |
---------------+-------------+-----
Shields        | 4 |  4.6
Fighting       | 4 |  4.2
Staves         | 3 |  3.0
Armour         | |  3.2

Action                   |  1- 3 |  4- 6 || total
-------------------------+-------+-------++-------
Melee: Quarterstaff      |   125 |    61 ||   186
  Use: Potion            |       |     1 ||     1
Armor: Scale mail        |    48 |    16 ||    64
Dodge: Dodged            |    37 |    13 ||    50
Block: Kite shield       |    71 |    47 ||   118
